 Dungeon Crawl Stone Soup version 0.31.0-9-g3a7656b989 (webtiles) character file.

Game seed: 15975873897107771785

74 qw the Shooter (level 4, 0/22 HPs)
             Began as a Spriggan Hunter on Feb 2, 2024.
             Succumbed to their own poison gas
             ... on level 2 of the Dungeon.
             The game lasted 00:00:04 (1559 turns).

qw the Shooter (Spriggan Hunter)                    Turns: 1559, Time: 00:00:04

Health: 0/22       AC:  2    Str:  7    XL:     4   Next: 10%
Magic:  5/5        EV: 19    Int: 10    God:
Gold:   73         SH:  0    Dex: 20    Spells: 3/3 levels left

rFire   . . .        a - +0 shortbow
rCold   . . .        (shield currently unavailable)
rNeg    . . .        c - +0 robe
rPois   .            (helmet restricted)
rElec   .            (no cloak)
rCorr   .            (gloves unavailable)
SInv    +            (boots unavailable)
Will    .....        (no amulet)
Stlth   ++           (no ring)
HPRegen 0.23/turn    (no ring)
MPRegen 0.09/turn

%: no passive effects
@: lethally poisoned (0 -> -1), very quick
A: very small, no large weapons, unfitting armour, see invisible, speed 3
a: no special abilities


You were on level 2 of the Dungeon.
You visited 1 branch of the dungeon, and saw 2 of its levels.

You collected 73 gold pieces.


Innate Abilities, Weirdness & Mutations

You are very small and have problems with some larger weapons.
You are too small for most types of armour.
You have supernaturally acute eyesight. (SInv)
You cover ground extremely quickly. (Speed+++)


   Skills:
 - Level 1.5 Fighting
 - Level 5.1 Ranged Weapons
 + Level 4.1 Dodging
 - Level 1.5 Stealth


You had 3 spell levels left.
You didn't know any spells.
Your spell library was empty.

Inventory:

Hand Weapons
 a - a +0 shortbow (weapon)
Armour
 c - a +0 robe (worn)
Potions
 g - a potion of curing {unknown}
 h - a potion of ambrosia {unknown}

Dungeon Overview and Level Annotations

Branches:
Dungeon (2/15)

Altars:


Message History

Done exploring.
What level of the Dungeon? (default 2, ? - help) Sorry, I don't know how to get there.
Enter note:
Enter note:
Enter note:
Enter note:
Enter note:
Enter note:
Enter note:
Enter note:
Enter note: You are engulfed in poison gas.
You are poisoned.
You feel very sick.
Things that are here:
a +0 club; a kobold corpse
1549 ||| Stepping ~*~*~tactically~*~*~ (cloud).
You feel sick.
Things that are here:
a potion of invisibility; a scroll of poison
There is a lethal amount of poison in your body!
You feel very sick.
There is a lethal amount of poison in your body!
You feel sick.
There is a lethal amount of poison in your body!
You feel sick.
There is a lethal amount of poison in your body!
You feel sick.
There is a lethal amount of poison in your body!
You feel sick.
There is a lethal amount of poison in your body!
You feel sick.
There is a lethal amount of poison in your body!
You feel sick.
There is a lethal amount of poison in your body!
You feel sick.
There is a lethal amount of poison in your body!
You feel sick.
There is a lethal amount of poison in your body!
You die...

###..............#......##.##
#.......####.....#.#.........
#.####..# #.......#.##.#....
#.####..# #.......#....#....
#.##....# #.......###..#.###
#.##.#.## ######..###..#.#
#......# #.......#.#
####.######### #.........#
#..000000@# ######.####
#########)#########.#####
#00.<.......>...##
##########.####.## #.####[##
#.##..... #.##.#.## #........
#.......#


There were no monsters in sight!

Vanquished Creatures
  Jessica (D:2)
  An adder (D:2)
  2 dart slugs (D:2)
  2 ribbon worms (D:2)
  3 ball pythons (D:2)
  4 bats
  3 endoplasms
  A giant cockroach (D:2)
  A goblin (D:2)
  5 hobgoblins (D:2)
  A quokka (D:1)
  2 frilled lizards
  3 kobolds
  2 rats
31 creatures vanquished.

Notes
Turn   | Place    | Note
-------+----------+-------------------------------------------
     0 | D:1      | qw the Spriggan Hunter began the quest for the Orb.
     0 | D:1      | Reached XP level 1. HP: 10/10 MP: 2/2
     0 | D:1      | 0 ||| qw: Version: 0.3-a-155-g5e7d8dd
     0 | D:1      | 0 ||| qw: Game counter: 872
     0 | D:1      | 0 ||| qw: Melee chars always use a shield: true
     0 | D:1      | 0 ||| qw: God list: Okawaru
     0 | D:1      | 0 ||| qw: Allow faded altars: false
     0 | D:1      | 0 ||| qw: Do Orc after clearing Dungeon:15 true
     0 | D:1      | 0 ||| qw: Do second Lair branch before Depths: true
     0 | D:1      | 0 ||| qw: Lair rune preference: random
     0 | D:1      | 0 ||| qw: Goals: Normal
     0 | D:1      | 0 ||| PLANNING D:1-11
   179 | D:1      | Reached skill level 3 in Dodging
   894 | D:1      | 894 ||| READING scroll labelled RUNNIXZONTU.
   895 | D:1      | 895 ||| READING 2 scrolls labelled UJAHOME UKLY.
   900 | D:1      | 900 ||| DROPPING scroll of butterflies.
   924 | D:2      | Reached XP level 2. HP: 14/14 MP: 3/3
  1011 | D:2      | HP: 3/14 [ribbon worm (4)]
  1012 | D:2      | 1012 ||| READING scroll of teleportation.
  1187 | D:2      | Reached XP level 3. HP: 18/18 MP: 4/4
  1495 | D:2      | Noticed Jessica
  1498 | D:2      | Killed Jessica
  1499 | D:2      | Reached skill level 5 in Ranged Weapons
  1499 | D:2      | Reached XP level 4. HP: 22/22 MP: 5/5
  1544 | D:2      | 1544 ||| READING 2 scrolls labelled ISTEPTESSEO.
  1545 | D:2      | 1545 ||| READING scroll labelled EDOGEA PEIFUA.
  1545 | D:2      | 1545 ||| IDENTIFYING smoky brown potion
  1546 | D:2      | 1546 ||| DROPPING scroll of poison.
  1547 | D:2      | 1547 ||| DROPPING potion of invisibility.
  1549 | D:2      | 1549 ||| Stepping ~*~*~tactically~*~*~ (cloud).
  1553 | D:2      | HP: 5/22 [poisoned by you (poison gas)]
  1557 | D:2      | HP: 2/22 [poisoned by you (poison gas)]
  1559 | D:2      | Succumbed to their own poison gas

Levels and vault maps discovered:
D:1:      elethiomel_arrival_shortcut, layout_basic,
          chequers_serial_rivers_micro_c
D:2:      layout_loops_cross, uniq_jessica

Skill      XL: |  1  2  3 |
---------------+----------+-----
Dodging        | 3 4 |  4.1
Ranged Weapons | 5 |  5.1
Fighting       | |  1.5
Stealth        | |  1.5

Action                     |  1- 3 |  4- 6 || total
---------------------------+-------+-------++-------
   Fire: Shortbow          |    97 |    12 ||   109
    Use: Scroll            |     3 |     2 ||     5
 Armour: Robe              |    14 |       ||    14
  Dodge: Dodged            |    31 |     3 ||    34

Table legend:
 A = Non-vault XP
 B = Vault XP
 C = Vault XP percentage of total XP
 D = Non-vault monster count
 E = Vault monster count
 F = Vault count percentage of total count
                 A         B        C        D         E       F
            +---------+---------+-------+---------+---------+-------
      Total |      70 |      37 |  34.6 |      30 |       1 |   3.2
            +---------+---------+-------+---------+---------+-------
        D:1 |       9 |       0 |   0.0 |       6 |       0 |   0.0
        D:2 |      61 |      37 |  37.8 |      24 |       1 |   4.0
            +---------+---------+-------+---------+---------+-------
